 Dungeon Crawl Stone Soup version 0.27-a0-1334-g2746e35aca (webtiles) character file.

Game seed: 5262029730945508659

194 unlimited the Digger (level 5, -4/38 HPs)
             Began as a Demigod Earth Elementalist on June 26, 2021.
             Killed by an exploding orc (9 damage)
             ... ignited by their inner flame
             ... on level 5 of the Dungeon.
             The game lasted 01:02:57 (4020 turns).

unlimited the Digger (Demigod Earth Elementalist)   Turns: 4020, Time: 01:03:07

Health: -4/38      AC:  8    Str:  9    XL:     5   Next: 20%
Magic:  10/12      EV: 28    Int: 21    God:
Gold:   231        SH:  0    Dex: 14    Spells: 3/9 levels left

rFire    . . .     SeeInvis .   c - +0 war axe
rCold    . . .     Faith    .   (no shield)
rNeg     . . .     Spirit   .   b - +0 robe
rPois    .         Reflect  .   (no helmet)
rElec    .         Harm     .   p - +0 cloak
rCorr    .         Rampage  .   (no gloves)
Will     .....                  q - +0 pair of boots
Stlth    ++........             u - amulet of the acrobat
HPRegen  0.12/turn              j - +4 ring of protection
MPRegen  0.13/turn              (no ring)

@: acrobatic
A: high mp 1, forlorn
a: no special abilities


You were on level 5 of the Dungeon.
You visited 1 branch of the dungeon, and saw 5 of its levels.

You collected 231 gold pieces.

Inventory:

Hand Weapons
 c - a +0 war axe (weapon)
 m - a +0 dagger
 r - a +0 whip
Missiles
 i - 19 stones
Armour
 b - a +0 robe (worn)
 g - a +0 ring mail
 h - a +0 leather armour
 p - a +0 cloak (worn)
 q - a +0 pair of boots (worn)
Jewellery
 j - a +4 ring of protection (left hand)
 u - an amulet of the acrobat (around neck)
Scrolls
 f - a scroll of blinking
 k - a scroll of identify
 t - a scroll of magic mapping
Potions
 a - a potion of cancellation
 d - a potion of berserk rage {unknown}
 e - a potion of brilliance {unknown}
 s - a potion of mutation {unknown}


   Skills:
 + Level 2.9 Dodging
 - Level 3.0 Stealth
 + Level 2.9 Spellcasting
 - Level 0.8 Transmutations
 + Level 3.6 Earth Magic


You had 3 spell levels left.
You knew the following spells:

 Your Spells              Type           Power      Damage    Failure   Level
a - Sandblast             Erth           36%        2d10      3%          1
b - Stone Arrow           Conj/Erth      20%        3d8       19%         3
c - Passwall              Tmut/Erth      10%        N/A       8%          2

Your spell library contained the following spells:

 Spells                   Type           Power      Damage    Failure   Level
 Petrify                  Tmut/Erth      12%        N/A       45%         4
 Lee's Rapid Deconstruct  Erth           9%         3d8*      63%         5


Dungeon Overview and Level Annotations

Branches:
Dungeon (5/15)
 Temple: D:4-7

Annotations:
D:4 1 transporter, Pikel


Innate Abilities, Weirdness & Mutations

Your attributes grow dramatically as you level up.
You have an increased reservoir of magic. (+10% MP)
You shall have no god before yourself.


Message History

* * * LOW HITPOINT WARNING * * *
Pikel zaps a wand.
Your mind is blasted!
* * * LOW HITPOINT WARNING * * *
The lemure shouts!
There is a stone staircase leading down here.
You climb downwards.
An orc comes into view. It is wielding a +0 club.
Found a dagger and 21 stones.
Found an escape hatch in the floor.
There is a stone staircase leading up here.
There is a stone staircase leading up here.
The orc shouts!
The orc throws a boomerang.
The boomerang completely misses you.
You see here 21 stones.
i - 21 stones The orc throws a boomerang.
The boomerang misses you.
There is a stone staircase leading up here.
Casting: Sandblast (safe; 3% risk of failure)
Confirm with . or Enter, or press ? or * to list all spells.
Aiming: Sandblast (safe; 3% risk of failure)
Press: ? - help, Shift-Dir - straight line, f - orc
Aim: an orc, wielding a +0 club, wearing a +0 ring mail and quivering boomerangs (82% to hit)
The blast of sand hits the orc but does no damage.
The orc throws a boomerang.
The boomerang misses you.
Casting: Sandblast (safe; 3% risk of failure)
Confirm with . or Enter, or press ? or * to list all spells.
You don't know that spell.
As you read the scroll of immolation, it crumbles to dust.
The creatures around you are filled with an inner flame!
The orc throws a boomerang.
The boomerang misses you. The orc hits you but does no damage.
There is a stone staircase leading up here.
Casting: Sandblast (safe; 3% risk of failure)
Confirm with . or Enter, or press ? or * to list all spells.
Aiming: Sandblast (safe; 3% risk of failure)
Press: ? - help, Shift-Dir - straight line, f/p - orc
Aim: an orc, wielding a +0 club, wearing a +0 ring mail and quivering boomerangs (inner flame, 82% to hit)
The blast of sand hits the orc!
The orc explodes!
The fiery explosion engulfs you!
You die...

#.#..###
#......
######.....
..........#
...#......#
..........##
...........##
).....§@§...#
......§<§.###
......§§§##
.....>....#
...........#
...............
#..............
.....##........
#.... .........


There were no monsters in sight!

Vanquished Creatures
  An orc wizard (D:3)
  A hound skeleton (D:4)
  4 gnolls (D:2)
  7 adders
  An adder skeleton (D:4)
  A worm (D:2)
  A dart slug (D:1)
  5 orcs
  9 ball pythons
  3 endoplasms
  4 giant cockroaches
  2 hobgoblins (D:3)
  4 bats
  A frilled lizard (D:1)
  3 goblins
  8 rats
55 creatures vanquished.

Notes
Turn   | Place    | Note
-------+----------+-------------------------------------------
     0 | D:1      | unlimited the Demigod Earth Elementalist began the quest
                  | for the Orb.
     0 | D:1      | Reached XP level 1. HP: 14/14 MP: 5/5
  1055 | D:2      | Reached XP level 2. HP: 20/20 MP: 5/7
  1478 | D:2      | Reached XP level 3. HP: 26/26 MP: 6/8
  1683 | D:2      | Reached XP level 4. HP: 33/33 MP: 0/10
  3327 | D:3      | Reached XP level 5. HP: 38/38 MP: 7/11
  3381 | D:4      | Noticed Pikel
  3429 | D:3      | Learned a level 3 spell: Stone Arrow
  3432 | D:3      | Learned a level 2 spell: Passwall
  3720 | D:4      | Noticed a shadow
  3846 | D:4      | Found a transporter.
  4007 | D:5      | Entered Level 5 of the Dungeon
  4020 | D:5      | Killed by an exploding orc... ignited by their inner flame

Illustrated notes

Levels and vault maps discovered:
D:1:      amcnicky_arrival_single_pillar, layout_loops_ring,
          hellmonk_ecumenical_altar_zigzags
D:2:      layout_basic, basic_altar
D:3:      layout_loops_corners, lemuel_doored_altar, minivault_25
D:4:      gammafunk_wand_slinger, layout_cave_pools,
          riverfiend_overflow_shadow_ancestor, kennysheep_diamond, st_stairs_10,
          wad_floor_pattern_1, uniq_pikel
D:5:      layout_cave_pools, lemuel_tele_altar, kennysheep_mini,
          minmay_misc_feat_five, kennysheep_cluttered_room,
          grunt_decor_junction, minmay_manual_mess

Skill      XL: |  1  2  3  4 |
---------------+-------------+-----
Dodging        | 2 |  2.9
Stealth        | 2 3 |  3.0
Spellcasting   | 2 |  2.9
Earth Magic    | 3 |  3.6
Transmutations | |  0.8

Action                   |  1- 3 |  4- 6 || total
-------------------------+-------+-------++-------
Melee: Dagger            |       |    21 ||    21
       Whip              |       |     2 ||     2
Throw: Stone             |       |     5 ||     5
       Dart              |       |     2 ||     2
       Throwing net      |       |     1 ||     1
 Cast: Sandblast         |    36 |    53 ||    89
       Passwall          |       |     4 ||     4
  Use: Scroll            |       |     8 ||     8
Armor: Robe              |       |    22 ||    22
Dodge: Dodged            |     7 |    29 ||    36

Table legend: (Time is in decaauts)
 A = Elapsed time spent in this place.
 B = Non-inter-level travel time spent in this place.
 C = Inter-level travel time spent in this place.
 D = Time resting spent in this place.
 E = Time spent auto-exploring this place.
 F = Levels seen in this place.
 G = Mean time per level.
                   A        B        C        D        E       F      G
               +--------+--------+--------+--------+--------+-----+--------+
         Total |   4018 |   1020 |   2998 |    464 |      0 |   5 |  803.6 |
       Dungeon |   4018 |   1020 |   2998 |    464 |      0 |   5 |  803.6 |
               +--------+--------+--------+--------+--------+-----+--------+

Top non-repeatable levels by time:
     D:3: 1485 daAuts
     D:2: 1101 daAuts
     D:1: 1005 daAuts
     D:4: 413 daAuts
     D:5: 12 daAuts
